 Dungeon Crawl Stone Soup version 0.18-a0-1197-g8004e50 (webtiles) character file.

172478 4thArraOfDagon the Impaler (level 17, 0/138 HPs)
             Began as a Merfolk Warper on Jan 30, 2016.
             Was an Initiate of Gozag.
             Slain by an anaconda (4 damage)
             ... on level 4 of the Snake Pit.
             The game lasted 02:43:35 (22811 turns).

4thArraOfDagon the Impaler (Merfolk Warper)        Turns: 22811, Time: 02:43:36

Health: 0/138      AC: 19    Str: 15    XL:     17   Next: 74%
Magic:  9/26       EV: 20    Int: 14    God:    Gozag
Gold:   2218       SH:  0    Dex: 17    Spells: 11 memorised, 0 levels left

rFire  + . .     SeeInvis .     s - +3 glaive (freeze)
rCold  . . .     Gourm    .     l - +5 scale mail of Purpose {rF- rN+ Str+4 Int+2}
rNeg   + . .     Faith    .     (shield currently unavailable)
rPois  +         Spirit   .     (helmet restricted)
rElec  .         Dismiss  .     I - +2 cloak
rCorr  .         Reflect  .     n - -1 pair of gloves of the Game of Life {rF++} (curse)
SustAt .         Harm     .     f - +2 pair of boots {Fly}
MR     ++...                    V - amulet of rage
Stlth  ..........               Q - ring of protection from magic
                                E - +5 ring of evasion

@: exhausted, very slightly contaminated, regenerating (expiring), slowed,
constricted, very slow, very resistant to hostile enchantments, extremely
unstealthy
A: change form in water, swift swim, horns 1, clumsy 1, low mp 1, poison
resistance, robust 1, weak 1
a: Potion Petition, Call Merchant, Bribe Branch, Renounce Religion, Evoke
Berserk Rage, Evoke Flight
}: 1/15 runes: decaying


You were on level 4 of the Snake Pit.
You worshipped Gozag.
Gozag was noncommittal.
You were very hungry.

You visited 5 branches of the dungeon, and saw 33 of its levels.
You also visited: Ice Cave and Volcano.

You collected 10876 gold pieces.
You spent 2922 gold pieces at shops.
You paid 5736 gold pieces to Gozag.

Inventory:

Hand Weapons
 g - a +1 demon trident of venom
 s - a +3 glaive of freezing (weapon)
 U - a +3 glaive of flaming
Missiles
 e - 3 tomahawks of dispersal (quivered)
Armour
 f - a +2 pair of boots of flying (worn)
 l - the +5 scale mail of Purpose (worn) {rF- rN+ Str+4 Int+2}
   (You found it in an ice cave)

   It affects your strength (+4).
   It affects your intelligence (+2).
   It makes you vulnerable to fire.
   It protects you from negative energy.
 n - the cursed -1 pair of gloves of the Game of Life (worn) {rF++}
   (You bought it in a shop on level 1 of the Swamp)

   It greatly protects you from fire.
   It has a curse placed upon it.
 I - a +2 cloak (worn)
Magical Staves
 O - an uncursed staff of wizardry {!a}
 T - an uncursed staff of air
Jewellery
 j - an uncursed ring of positive energy
 p - a +5 ring of intelligence
 q - a +4 ring of strength
 u - a +5 ring of evasion
 B - an uncursed ring of protection from cold
 E - a +5 ring of evasion (left hand)
 H - an uncursed ring of fire
 Q - a ring of protection from magic (right hand)
 V - an amulet of rage (around neck)
Wands
 h - a wand of draining (6/15)
 y - a wand of digging (4/24)
 G - a wand of draining (3/15)
 X - a wand of teleportation (3/9)
Scrolls
 b - 9 scrolls of remove curse
 d - 3 scrolls of blinking
 k - a scroll of summoning
 m - 9 scrolls of recharging
 o - 2 scrolls of fog
 t - 4 scrolls of immolation
 A - 4 scrolls of magic mapping
 C - 2 scrolls of enchant weapon
 J - a scroll of silence
 N - 2 scrolls of torment
 R - 3 scrolls of holy word
 W - 6 scrolls of enchant armour
 Z - 7 scrolls of identify
Potions
 a - 3 potions of lignification
 c - a potion of ambrosia
 r - 4 potions of agility
 v - 2 potions of cure mutation
 w - 2 potions of haste
 x - 3 potions of magic
 D - 3 potions of curing
 F - a potion of resistance
 M - 2 potions of might
 S - 2 potions of brilliance
 Y - a potion of cancellation
Books
 L - a book of Burglary

   Spells                             Type                      Level
   a - Swiftness                      Charms/Air                   2
   b - Passwall                       Transmutation/Earth          3
   c - Passage of Golubria            Translocation                4
   d - Lee's Rapid Deconstruction     Earth                        5
   e - Darkness                       Hexes                        6
   f - Invisibility                   Hexes                        6
Miscellaneous
 P - a piece from Xom's chessboard
Comestibles
 z - 8 bread rations


   Skills:
 + Level 9.6 Fighting
 - Level 20.2 Polearms
 - Level 1.0 Throwing
 - Level 7.3 Armour
 + Level 14.0 Dodging
 + Level 8.2 Spellcasting
 - Level 3.4 Hexes
 - Level 7.1 Charms
 - Level 4.6 Necromancy
 - Level 2.4 Translocations
 * Level 15.3 Transmutations
 * Level 10.1 Earth Magic
 - Level 3.5 Poison Magic
 - Level 7.0 Evocations


You couldn't memorise any spells.
You knew the following spells:

 Your Spells              Type           Power        Failure   Level  Hunger
a - Apportation           Tloc           ##........   21%         1    None
b - Blink                 Tloc           N/A          28%         2    None
c - Passage of Golubria   Tloc           N/A          99%         4    ####...
d - Spectral Weapon       Hex/Chrm       ###.....     17%         3    ##.....
e - Cure Poison           Pois           ###.......   17%         2    None
f - Repel Missiles        Chrm/Air       ###...       17%         2    None
g - Stoneskin             Trmt/Erth      #####...     1%          2    None
h - Regeneration          Chrm/Necr      ###.......   12%         3    ##.....
i - Song of Slaying       Chrm           ####....     3%          2    None
j - Statue Form           Trmt/Erth      #####....    38%         6    #######
k - Lee's Rapid Deconstr  Erth           ####......   21%         5    #####..


Dungeon Overview and Level Annotations

Branches:
Dungeon (15/15)              Lair (8/8) D:8           Swamp (4/4) Lair:6
  Snake (4/4) Lair:6        Slime (0/6) Lair:7          Orc (2/2) D:9
    Elf (0/3) Orc:2
 Temple: D:4-7       Vaults: D:13-14     Depths: D:15

Altars:
Ashenzari
Cheibriados
Dithmenos
Elyvilon
Gozag
Kikubaaqudgha
Makhleb
Nemelex Xobeh
Pakellas
Ru
Xom
The Shining One

Shops:
D:10 [   D:13 *?   D:14 }   Orc:2 [:(*   Swamp:1 [   Swamp:2 ?   Snake:1 !
Snake:3 [

Annotations:
D:8 AIR
D:9 exclusion: upstairs
D:14 Nessos
D:15 exclusion: Roxanne, Roxanne
Lair:3 cireshan's ghost, journeyman TrMo
Lair:6 HYDRAS, exclusion: oklob plant
Swamp:1 Louise
Orc:1 exclusion: downstairs
Orc:2 Rupert


Innate Abilities, Weirdness & Mutations

You revert to your normal form in water.
You are very nimble and swift while swimming.
You have a pair of small horns on your head.
You are clumsy. (Dex -2)
Your magical capacity is low (-10% MP).
Your system is resistant to poisons.
You are robust (+10% HP).
You are weak. (Str -2)


Message History

The anaconda bites you but does no damage.
The anaconda constricts you.
Unknown command.
Casting: Blink
Confirm with . or Enter, or press ? or * to list all spells.
Okay, then.
Unknown command.
Unknown command.
Casting: Blink
Confirm with . or Enter, or press ? or * to list all spells.
Okay, then.
Casting: Blink
Confirm with . or Enter, or press ? or * to list all spells.
You miscast Blink.
The floor and the ceiling briefly switch places.
Your skin is crawling a little less now.
The anaconda bites you.
* * * LOW HITPOINT WARNING * * *
You die...
Your body crumbles into a pile of gold.

..............≈≈≈≈P≈.##.....##+##
...................[.#......# ...
..♣≈≈≈P≈.≈≈..≈.≈............+ ###
.♣≈≈≈≈PP≈≈≈♣P.≈≈.♣..........# ..
P≈≈≈P≈P≈≈P≈≈P≈≈≈≈♣..............#
.♣≈≈≈≈≈≈≈≈≈≈≈≈≈≈♣................
..P♣♣≈P≈≈≈≈≈≈PP≈..........S......
##. ♣♣♣≈P≈≈P≈≈≈♣.................
....≈≈≈♣≈P≈♣@...[......... ..
......♣♣♣♣≈♣.S............. .
...#.... .....#..###.......
####...# #....##### ## #.###
##.... ####


You could see an anaconda.

Vanquished Creatures
  Frances (Snake:1)
  3 greater nagas
  2 thorn hunters (Swamp:3)
  Maud (D:14)
  Aizul (Lair:6)
  2 blizzard demons (IceCv)
  Erolcha (D:9)
  21 hydras
  8 naga warriors
  A catoblepas (D:15)
  6 anacondas
  14 death yaks
  6 alligators
  An orc high priest (Orc:2)
  8 naga sharpshooters
  3 shock serpents
  A deep elf knight (Volcano)
  An unseen horror (D:14)
  5 naga ritualists
  4 sea snakes (Snake:4)
  A shambling mangrove (Swamp:4)
  10 swamp dragons
  3 orc knights (Orc:2)
  Pikel (D:4)
  A griffon (D:13)
  7 mana vipers
  2 orc sorcerers (Orc:2)
  5 deep elf magi (Volcano)
  2 cyclopes
  5 salamanders
  A manticore (D:15)
  7 guardian serpents
  25 black mambas
  Joseph (D:7)
  A torpor snail (Lair:6)
  A centaur zombie (D:13)
  Psyche (D:8)
  2 molten gargoyles (Volcano)
  21 spiny frogs
  9 naga magi
  4 ice statues
  The ghost of Duffy the Ruffian, a novice DrTm (D:4)
  A gargoyle (D:13)
  An efreet (D:14)
  A kobold demonologist (D:10)
  12 ice devils (IceCv)
  8 komodo dragons
  2 fire drakes
  2 yaktaurs (D:15)
  4 trolls
  2 spriggan druids
  10 polar bears
  7 giant leeches
  A merfolk (Lair:2)
  Grinder (D:4)
  23 blink frogs
  16 slime creatures
  A harpy skeleton (D:15)
  6 bog bodies
  4 shadows
  7 redbacks (Lair:8)
  11 spriggans (Lair:8)
  Sigmund (D:5)
  12 yaks
  4 fire bats
  3 wyverns
  2 basilisks
  A fire elemental (Lair:1)
  11 hippogriffs
  A hungry ghost (D:12)
  22 vampire mosquitoes
  A steam dragon (D:10)
  Grum (D:8)
  Menkaure (D:4)
  20 swamp worms
  32 wolves
  32 nagas
  2 wargs (Orc:2)
  13 insubstantial wisps
  Duvessa (D:5)
  6 water moccasins
  3 ice beasts
  27 orc warriors
  10 porcupines
  13 swamp drakes
  3 sky beasts
  2 phantoms
  2 slaves (D:4)
  5 black bears
  An eye of draining (D:11)
  9 ogres
  8 wasps
  2 boggarts (D:15)
  7 centaurs
  12 crocodiles
  2 big kobolds
  13 giant frogs
  A wyvern zombie (D:6)
  Dowan (D:5)
  A water moccasin zombie (D:8)
  2 scorpions
  13 killer bees
  5 wights (D:13)
  5 electric eels
  8 crimson imps
  A giant frog zombie (D:5)
  A lava snake (Volcano)
  2 giant frog skeletons
  7 hounds
  6 jellies
  16 orc priests
  Crazy Yiuf (D:7)
  2 centaur skeletons
  21 orc wizards
  10 iguanas
  10 worker ants
  17 sheep
  A hound skeleton (D:5)
  3 worker ant zombies
  8 adders
  48 river rats
  9 white imps (IceCv)
  2 giant eyeballs (D:7)
  4 ufetubi (IceCv)
  An adder zombie (D:5)
  3 worms
  4 giant geckos
  65 orcs
  4 ball pythons
  5 giant cockroaches
  6 goblins
  7 hobgoblins
  4 jackals (D:3)
  2 quokkas (D:10)
  15 bats
  6 giant newts
  14 kobolds
  A quokka skeleton (D:8)
  12 rats
  3 fungi
963 creatures vanquished.

Vanquished Creatures (others)
  A spriggan druid (Swamp:4)
  A shambling mangrove (Swamp:4)
  2 yaktaurs (D:15)
  2 wasps (Swamp:4)
  A boggart (D:15)
  An orc wizard (D:3)
  A white imp (IceCv)
  3 ufetubi (IceCv)
  3 bushes (Lair:6)
  33 fungi
  12 plants
  17 spectral weapons
77 creatures vanquished.

Grand Total: 1040 creatures vanquished

Notes
Turn   | Place    | Note
--------------------------------------------------------------
     0 | D:1      | 4thArraOfDagon the Merfolk Warper began the quest for the Orb.
     0 | D:1      | Reached XP level 1. HP: 16/16 MP: 3/3
    84 | D:2      | Found an opulent altar of Gozag.
   113 | D:2      | Became a worshipper of Gozag Ym Sagoz the Greedy
   187 | D:2      | Reached XP level 2. HP: 21/23 MP: 5/5
   233 | D:2      | Reached skill level 1 in Armour
   329 | D:2      | Learned a level 2 spell: Blink
   440 | D:1      | Found a shattered altar of Ashenzari.
   448 | D:1      | Reached XP level 3. HP: 24/28 MP: 6/6
   673 | D:2      | Found a glowing golden altar of the Shining One.
   674 | D:2      | Found a burning altar of Makhleb.
   823 | D:3      | Found a shadowy altar of Dithmenos.
   945 | D:3      | Found a sparkling altar of Nemelex Xobeh.
  1055 | D:3      | Reached skill level 4 in Polearms
  1056 | D:3      | Found an oddly glowing altar of Pakellas.
  1103 | D:3      | Reached XP level 4. HP: 35/35 MP: 7/7
  1122 | D:3      | Reached XP level 5. HP: 33/41 MP: 8/8
  1131 | D:3      | Reached skill level 5 in Polearms
  1271 | D:3      | Noticed an ogre
  1282 | D:3      | Killed an ogre
  1282 | D:3      | Reached XP level 6. HP: 46/48 MP: 9/9
  1365 | D:4      | Noticed Menkaure
  1428 | D:4      | Found a shimmering altar of Xom.
  1428 | D:4      | Noticed Grinder
  1432 | D:4      | Paralysed by Grinder for 5 turns
  1500 | D:4      | Noticed Duffy's ghost (novice DrTm)
  1608 | D:4      | Killed Menkaure
  1608 | D:4      | Reached skill level 6 in Polearms
  1620 | D:5      | Entered Level 5 of the Dungeon
  1704 | D:5      | Reached XP level 7. HP: 54/54 MP: 10/10
  1738 | D:5      | Learned a level 4 spell: Passage of Golubria
  1741 | D:5      | Learned a level 2 spell: Shroud of Golubria
  1751 | D:5      | Reached skill level 7 in Polearms
  1779 | D:5      | Noticed Sigmund
  1795 | D:5      | Killed Sigmund
  1795 | D:5      | Reached skill level 5 in Dodging
  1906 | D:5      | Noticed Duvessa
  1909 | D:5      | Noticed Dowan
  1932 | D:5      | Killed Duvessa
  1932 | D:5      | Reached skill level 8 in Polearms
  1955 | D:5      | Killed Dowan
  1955 | D:5      | Reached XP level 8. HP: 32/61 MP: 11/11
  2139 | D:5      | Reached skill level 5 in Fighting
  2303 | D:5      | Reached skill level 9 in Polearms
  2556 | D:4      | Got a jewelled short sword
  2800 | D:4      | Found a sacrificial altar of Ru.
  2821 | D:4      | Found Otilio's Food Emporium.
  3077 | D:6      | Reached skill level 10 in Polearms
  3235 | D:6      | Reached XP level 9. HP: 65/69 MP: 12/12
  3677 | D:7      | Noticed Joseph
  3689 | D:7      | Killed Joseph
  3689 | D:7      | Reached skill level 11 in Polearms
  3724 | D:7      | Paralysed by a giant eyeball for 3 turns
  3819 | D:7      | Got an ichor-stained mace
  3825 | D:7      | Noticed Crazy Yiuf
  3835 | D:7      | Killed Crazy Yiuf
  4435 | D:9      | Reached skill level 12 in Polearms
  4648 | D:9      | Found a white marble altar of Elyvilon.
  4648 | D:9      | Found an ancient bone altar of Kikubaaqudgha.
  4648 | D:9      | Found a snail-covered altar of Cheibriados.
  4658 | D:10     | Entered Level 10 of the Dungeon
  4974 | D:11     | Reached XP level 10. HP: 63/77 MP: 10/13
  5003 | D:11     | Learned a level 2 spell: Cure Poison
  5016 | D:11     | Noticed a cyan ugly thing
  5162 | D:10     | Found Gyrutim's Armour Shop.
  5329 | D:10     | Reached skill level 13 in Polearms
  5499 | D:10     | Noticed a kobold demonologist
  5649 | D:8      | Noticed Psyche
  5655 | D:8      | Reached skill level 5 in Armour
  5673 | D:9      | Noticed Erolcha
  5693 | D:9      | Killed Erolcha
  5790 | D:7      | Paralysed by a giant eyeball for 2 turns
  5979 | D:8      | Noticed Grum
  6204 | D:8      | Reached skill level 14 in Polearms
  6517 | D:9      | Found a staircase to the Orcish Mines.
  6525 | Orc:1    | Entered Level 1 of the Orcish Mines
  6958 | Orc:2    | Entered Level 2 of the Orcish Mines
  6958 | Orc:2    | Found a staircase to the Elven Halls.
  6964 | Orc:2    | Noticed a cyclops
  7012 | Orc:2    | Noticed Rupert
  7373 | D:10     | Reached XP level 11. HP: 58/86 MP: 11/14
  7544 | D:10     | Reached skill level 15 in Polearms
  7856 | D:11     | Reached skill level 10 in Dodging
  8218 | D:13     | Noticed a griffon
  8226 | D:13     | Killed a griffon
  8339 | D:14     | Noticed Maud
  8509 | D:14     | Killed Maud
  8509 | D:14     | Reached skill level 16 in Polearms
  8682 | D:15     | Entered Level 15 of the Dungeon
  8683 | D:15     | what are gozag shop breakpoints?
  8701 | D:15     | Noticed Roxanne
  8802 | D:15     | Noticed a catoblepas
  8854 | D:15     | Killed a catoblepas
  9059 | D:14     | Noticed a centaur warrior
  9066 | D:15     | Noticed a manticore
  9073 | D:15     | Killed a manticore
  9155 | D:15     | Noticed a griffon
  9155 | D:15     | Noticed a green ugly thing
  9155 | D:15     | Noticed a green ugly thing
  9155 | D:15     | Noticed a green ugly thing
  9155 | D:15     | Noticed a green ugly thing
  9155 | D:15     | Noticed a green ugly thing
  9155 | D:15     | Noticed a green ugly thing
  9174 | D:15     | Noticed an eight-headed hydra
  9179 | D:15     | Noticed a tengu warrior
  9354 | D:15     | Reached XP level 12. HP: 79/92 MP: 12/15
  9366 | D:15     | Reached skill level 17 in Polearms
  9499 | D:14     | Found Bosaodd's Quality Used Wands.
  9562 | D:14     | Learned a level 2 spell: Repel Missiles
  9972 | D:13     | Bought a scroll of identify for 30 gold pieces
  9972 | D:13     | Bought a scroll of identify for 30 gold pieces
  9972 | D:13     | Bought a scroll of identify for 30 gold pieces
  9972 | D:13     | Bought a scroll of amnesia for 52 gold pieces
  9972 | D:13     | Bought a scroll of identify for 30 gold pieces
  9972 | D:13     | Bought a scroll of identify for 30 gold pieces
  9972 | D:13     | Bought a scroll of enchant armour for 112 gold pieces
  9974 | D:13     | Gained mutation: Your system is resistant to poisons. [potion of mutation]
  9974 | D:13     | Gained mutation: You are clumsy. (Dex -2) [potion of mutation]
  9974 | D:13     | Gained mutation: You are weak. (Str -2) [potion of mutation]
  9975 | D:13     | Gained mutation: You are robust (+10% HP). [potion of mutation]
  9975 | D:13     | Gained mutation: You have a pair of small horns on your head. [potion of mutation]
  9975 | D:13     | Gained mutation: Your magical capacity is low (-10% MP). [potion of mutation]
 10331 | D:13     | Found Qipsaff's General Store.
 10416 | D:13     | Bought 3 scrolls of magic mapping for 136 gold pieces
 10416 | D:13     | Bought 3 scrolls of recharging for 370 gold pieces
 10538 | D:13     | Reached skill level 18 in Polearms
 10785 | D:14     | Noticed Nessos
 10863 | D:13     | Learned a level 2 spell: Stoneskin
 10976 | D:13     | Noticed a centaur warrior
 11240 | D:12     | Reached skill level 1 in Transmutations
 11240 | D:12     | Reached skill level 1 in Earth Magic
 11556 | D:4      | Killed Duffy's ghost
 11561 | D:4      | Noticed Pikel
 11580 | D:4      | Killed Pikel
 11588 | D:4      | Killed Grinder
 11679 | D:4      | Bought a meat ration for 70 gold pieces
 11679 | D:4      | Bought a bread ration for 70 gold pieces
 11679 | D:4      | Bought a bread ration for 70 gold pieces
 11679 | D:4      | Bought a bread ration for 70 gold pieces
 11679 | D:4      | Bought 2 fruits for 42 gold pieces
 11679 | D:4      | Bought a beef jerky for 21 gold pieces
 11679 | D:4      | Bought a slice of pizza for 21 gold pieces
 11679 | D:4      | Bought a beef jerky for 21 gold pieces
 11679 | D:4      | Bought a slice of pizza for 21 gold pieces
 11682 | D:4      | Identified the cursed +1 mace of Avatuc {drain, rF+ MR+} (You found it on level 7 of the Dungeon)
 12027 | Orc:2    | Noticed an orc high priest
 12047 | Orc:2    | Killed an orc high priest
 12059 | Orc:2    | Found Zeegag's Antique Armour Emporium.
 12086 | Orc:2    | Paralysed by an orc sorcerer for 3 turns
 12107 | Orc:2    | Bought a scorched scale mail for 207 gold pieces
 12107 | Orc:2    | Bought a pair of embroidered boots for 103 gold pieces
 12142 | Orc:2    | Reached XP level 13. HP: 46/107 MP: 15/15
 12180 | Orc:1    | Identified the +1 scale mail "Mampoitresk" {rC+ Int+2} (You bought it in a shop on level 2 of the Orcish Mines)
 12348 | Orc:2    | Found Taifi's Gadget Emporium.
 12669 | Orc:2    | Found Fucolyics's General Store.
 12736 | Orc:2    | Reached skill level 5 in Transmutations
 12753 | Orc:2    | Paralysed by an orc sorcerer for 7 turns
 12757 | Orc:2    | HP: 3/107 [orc sorcerer/bolt of fire (23)]
 12858 | Orc:2    | Noticed an orc warlord
 12932 | Orc:2    | Found Ajid Tita's Antique Weapon Shop.
 12941 | Orc:2    | Reached skill level 19 in Polearms
 12970 | Orc:2    | Found Amoezu's Book Emporium.
 13114 | D:8      | Killed Psyche
 13165 | D:8      | Killed Grum
 13178 | D:8      | Found a staircase to the Lair.
 13264 | Lair:1   | Entered Level 1 of the Lair of Beasts
 13732 | Lair:2   | Learned a level 3 spell: Regeneration
 13813 | Lair:1   | Identified the Incunabulum of Attacks and the Frostbite (You found it on level 1 of the Lair of Beasts)
 14049 | Lair:2   | Reached skill level 1 in Necromancy
 14152 | Lair:2   | Reached skill level 1 in Charms
 14458 | Lair:3   | Noticed cireshan's ghost (journeyman TrMo)
 15490 | Lair:7   | Found a dark tunnel.
 15504 | Volcano  | Entered a volcano
 15558 | Volcano  | Found a radiant altar of Vehumet.
 15564 | Volcano  | Reached XP level 14. HP: 115/115 MP: 16/18
 15669 | Volcano  | Reached skill level 5 in Earth Magic
 15737 | Lair:7   | Learned a level 3 spell: Spectral Weapon
 15740 | Lair:7   | Learned a level 2 spell: Song of Slaying
 15980 | Lair:7   | Reached skill level 5 in Charms
 16026 | Lair:7   | Identified a scroll of acquirement
 16119 | Lair:7   | Found a staircase to the Slime Pits.
 16216 | Lair:7   | Reached skill level 5 in Spellcasting
 16271 | Lair:8   | Entered Level 8 of the Lair of Beasts
 16664 | Lair:8   | Reached skill level 1 in Hexes
 17169 | Lair:8   | Reached XP level 15. HP: 111/121 MP: 12/20
 17188 | Lair:8   | Reached skill level 10 in Transmutations
 17680 | Lair:6   | Reached skill level 20 in Polearms
 17747 | Lair:6   | Reached skill level 1 in Evocations
 17837 | Lair:6   | Found a staircase to the Snake Pit.
 17845 | Lair:6   | BLOAX: what are we saving up all that gold for
 17882 | Lair:6   | 4thArraOfDagon: zot:5 shops i guess
 17903 | Lair:6   | BLOAX: just call a shop or something
 17935 | Lair:6   | 4thArraOfDagon: doesnt shop's quality depends on dungeon level you call a marchant?
 17962 | Lair:6   | BLOAX: i don't think so
 17973 | Lair:6   | Found a staircase to the Swamp.
 17988 | Swamp:1  | Entered Level 1 of the Swamp
 18129 | Swamp:1  | Found a frozen archway.
 18147 | IceCv    | Entered an ice cave
 18162 | IceCv    | 4thArraOfDagon: i could swear it was designed like that
 18162 | IceCv    | 4thArraOfDagon: but it could be changed
 18162 | IceCv    | 4thArraOfDagon: idk
 18179 | IceCv    | BLOAX: it never was to my knowledge
 18429 | IceCv    | Duffy: http://s-z.org/neil/git/?p=crawl.git;a=commit;h=72c999403e6a54fe0002b876cc9f971beb07f6f5
 18435 | IceCv    | Duffy: Scale the effective depth of Gozag shops with XL
 18457 | IceCv    | BLOAX: cool
 18480 | IceCv    | 4thArraOfDagon: great
 18481 | IceCv    | Got a sapphire-encrusted scale mail
 18482 | IceCv    | Identified the +5 scale mail of Purpose {rF- rN+ Str+4 Int+2} (You found it in an ice cave)
 18483 | IceCv    | BLOAX: https://www.youtube.com/watch?v=MTOeOyfLzlU
 18483 | IceCv    | 4thArraOfDagon: git gud armor
 18483 | IceCv    | 4thArraOfDagon: oh man haha
 18521 | IceCv    | 4thArraOfDagon: doesnt be quick or be dead fit dcss
 18521 | IceCv    | 4thArraOfDagon: especially chei?
 18559 | Swamp:1  | BLOAX: not really
 18567 | Swamp:1  | BLOAX: only if you play like me
 18613 | Swamp:1  | BLOAX: now make a shop down here
 18661 | Swamp:1  | 4thArraOfDagon: shop
 18661 | Swamp:1  | 4thArraOfDagon: k
 18661 | Swamp:1  | BLOAX: not on the stairs
 18662 | Swamp:1  | 4thArraOfDagon: on water?
 18662 | Swamp:1  | 4thArraOfDagon: deep water?
 18662 | Swamp:1  | BLOAX: it'll probably work there too
 18662 | Swamp:1  | 4thArraOfDagon: and now we are armoring
 18663 | Swamp:1  | BLOAX: rF++ gloves, neat
 18663 | Swamp:1  | Bought the cursed -1 pair of gloves of the Game of Life {rF++} for 357 gold pieces
 18686 | Swamp:1  | BLOAX: oh and don't forget to remove that ring of ice
 18688 | Swamp:1  | 4thArraOfDagon: ty
 18691 | Swamp:1  | 4thArraOfDagon: ill wait for lvlup
 19344 | Swamp:2  | Bought a scroll of identify for 20 gold pieces
 19344 | Swamp:2  | Bought a scroll of identify for 20 gold pieces
 19344 | Swamp:2  | Bought a scroll of enchant weapon for 75 gold pieces
 19344 | Swamp:2  | Bought 2 scrolls of recharging for 190 gold pieces
 19344 | Swamp:2  | Bought a scroll of enchant armour for 75 gold pieces
 19344 | Swamp:2  | Bought a scroll of holy word for 75 gold pieces
 19344 | Swamp:2  | Bought a scroll of magic mapping for 35 gold pieces
 19449 | Swamp:3  | Noticed a thorn hunter
 19456 | Swamp:3  | Killed a thorn hunter
 19456 | Swamp:3  | Reached XP level 16. HP: 128/128 MP: 20/22
 19526 | Swamp:3  | Noticed a thorn hunter
 19541 | Swamp:3  | Killed a thorn hunter
 19541 | Swamp:3  | Reached skill level 5 in Evocations
 19619 | Swamp:3  | Learned a level 6 spell: Statue Form
 19743 | Swamp:4  | Entered Level 4 of the Swamp
 20331 | Swamp:4  | Got a decaying rune of Zot
 20452 | Swamp:1  | Noticed Louise
 20500 | Snake:1  | Entered Level 1 of the Snake Pit
 20500 | Snake:1  | Noticed Aizul
 20588 | Lair:6   | Killed Aizul
 20638 | Lair:6   | BLOAX: https://www.youtube.com/watch?v=QubK3Bbl3_Y soup
 20676 | Lair:6   | 4thArraOfDagon: wow strong
 20676 | Lair:6   | 4thArraOfDagon: it reminds me of Mayhem from umm
 20676 | Lair:6   | 4thArraOfDagon: Chimera album
 21206 | Snake:1  | Noticed Frances
 21220 | Snake:1  | Killed Frances
 21220 | Snake:1  | Reached XP level 17. HP: 119/136 MP: 7/25
 21350 | Snake:1  | Bought a potion of haste for 110 gold pieces
 21350 | Snake:1  | Bought a potion of heal wounds for 55 gold pieces
 21350 | Snake:1  | Bought a potion of cancellation for 88 gold pieces
 21350 | Snake:1  | Bought a potion of ambrosia for 88 gold pieces
 21350 | Snake:1  | Bought a potion of curing for 33 gold pieces
 21350 | Snake:1  | Bought a potion of curing for 33 gold pieces
 21350 | Snake:1  | Bought a potion of magic for 88 gold pieces
 21350 | Snake:1  | Bought a potion of agility for 44 gold pieces
 21350 | Snake:1  | 4thArraOfDagon: i developed new tactic against trj
 21350 | Snake:1  | 4thArraOfDagon: haste->ligni->torment->torment->-immo->cancel->wand
 21350 | Snake:1  | 4thArraOfDagon: it works 99% situations
 21350 | Snake:1  | BLOAX: hm
 21350 | Snake:1  | BLOAX: yes
 21354 | Snake:1  | 4thArraOfDagon: yeah its old as world but
 21354 | Snake:1  | 4thArraOfDagon: i never really bothered trying lol
 21472 | Snake:3  | BLOAX: nice plate
 21472 | Snake:3  | 4thArraOfDagon: im statuing soon
 21472 | Snake:3  | 4thArraOfDagon: rRat
 21472 | Snake:3  | 4thArraOfDagon: how great is it
 21472 | Snake:3  | BLOAX: pretty bad
 21917 | Snake:3  | Reached skill level 1 in Poison Magic
 21941 | Snake:4  | Entered Level 4 of the Snake Pit
 22305 | Snake:4  | Reached skill level 15 in Transmutations
 22493 | Snake:4  | Reached skill level 10 in Earth Magic
 22565 | Snake:4  | Learned a level 5 spell: Lee's Rapid Deconstruction
 22802 | Snake:4  | HP: 6/138 [poisoned by a naga mage (poison arrow)]
 22809 | Snake:4  | HP: 5/138 [anaconda (13)]
 22811 | Snake:4  | Slain by an anaconda

Vault maps used:
D:1:      zelgadis_glass_arrival_small, ashenzari_altar_1
D:2:      gammafunk_temple_overflow_statue, nicolae_gozag_seed_capital,
          kennysheep_generic_room_10
D:3:      grunt_pakellas_salt, grunt_dithmenos_smoke,
          nicolae_overflow_crystal_walls
D:4:      xom_butterflies, overflow_temple_1_default, lemuel_temple_firewalk,
          serial_shops, shop, uniq_menkaure, uniq_grinder, uniq_pikel
D:5:      first_bread, hex_medium, amethyst_killhole, uniq_sigmund, uniq_duvessa
D:7:      kennysheep_boxes, uniq_crazy_yiuf_cottage, uniq_joseph
D:8:      grunt_lair_entry_orc_guard_hut, grunt_ogre_cave,
          nicolae_lava_and_water, uniq_psyche, uniq_grum
D:9:      gammafunk_temple_overflow_forgotten, minmay_orc_entry_temple_small,
          uniq_erolcha
D:10:     serial_shops, kennysheep_little_box
D:12:     minmay_misc_feat_five, uniq_kirke
D:13:     david_vaults_5, serial_shops, nicolae_shop_stone,
          grunt_decor_one_mirror
D:14:     nicolae_for_you_no_charge, uniq_nessos, uniq_maud
D:15:     gammafunk_enter_depths_forms, serial_column_ruins,
          column_ruins_courtyard_long, column_ruins_corridor_corner,
          column_ruins_columns_straight, column_ruins_open_tiny, uniq_roxanne
Lair:2:   beast_lair_carwin_5
Lair:4:   st_stairs_10
Lair:5:   grunt_megastairs_5, serial_bayou_shore_a
Lair:6:   minmay_lair_oklob_chamber, minmay_swamp_entry_worms,
          guppyfry_snake_entry_garden
Lair:7:   minmay_slime_entry_pillars, enter_volcano_2, grunt_megastairs_1
Lair:8:   minmay_lair_end_enchanted_forest, minivault_25,
          hangedman_lair_generics_rect, bh_autumn_forest_stairs
Swamp:1:  portal_ice_cave_entry_ice_statue_02, serial_swamp_ruin,
          hangedman_swamp_ruin_wall, evilmike_swamp_ruin_house_5, swamp_pool1,
          uniq_louise
Swamp:2:  evilmike_swamp_ruin_rubble_2, swamp_pool3
Swamp:3:  nicolae_swamp_trees_clearing, swamp_pool3, infiniplex_staircase_pool
Swamp:4:  swamp, swamp_pool4
Snake:1:  basic_altar, grunt_megastairs_3, uniq_aizul, uniq_frances
Snake:2:  uniq_nikola, uniq_donald
Snake:3:  grunt_megastairs_2
Snake:4:  grunt_snake_rune_serpentine_throne, serial_bayou_ford_a,
          grunt_ministairs_1, st_stairs_12, statue_in_the_mist_lemuel
Orc:2:    grunt_orc_gardens, grunt_orc_garden, grunt_orc_garden,
          grunt_orc_garden, grunt_orc_garden, serial_shops, shop, uniq_rupert
IceCv:    ice_cave_small_demon
Volcano:  volcano_lake

Action                   |  1- 3 |  4- 6 |  7- 9 | 10-12 | 13-15 | 16-18 || total
-------------------------+-------+-------+-------+-------+-------+-------++-------
Melee: Spear             |   165 |    85 |    90 |       |       |       ||   340
       Dagger            |       |       |   170 |    74 |       |       ||   244
       Glaive            |       |       |   225 |   384 |   564 |   917 ||  2090
       Unarmed           |       |       |       |     1 |       |       ||     1
       Halberd           |       |       |       |   363 |   720 |       ||  1083
       Demon trident     |       |       |       |       |   737 |       ||   737
 Fire: Blowgun           |    11 |    17 |    89 |    82 |     5 |       ||   204
Throw: Tomahawk          |       |       |       |     2 |       |       ||     2
       Throwing net      |       |       |       |     1 |       |       ||     1
       Javelin           |       |       |       |       |     2 |       ||     2
 Cast: Blink             |       |       |       |     6 |     2 |     2 ||    10
       Passage of Golubr |       |       |       |     2 |       |       ||     2
       Regeneration      |       |       |       |       |    80 |   100 ||   180
       Spectral Weapon   |       |       |       |       |     8 |    33 ||    41
       Cure Poison       |       |       |       |       |       |     8 ||     8
       Apportation       |       |       |       |       |       |     1 ||     1
       Repel Missiles    |       |       |       |       |       |     1 ||     1
Invok: Potion Petition   |     1 |       |       |     1 |       |       ||     2
       Call Merchant     |       |       |       |     1 |     2 |     2 ||     5
 Abil: Stop Flying       |       |       |       |       |     1 |       ||     1
       Evoke Berserk Rag |       |       |       |       |     2 |     2 ||     4
Evoke: Wand              |       |     2 |    30 |    14 |    11 |     3 ||    60
       Deck              |       |       |       |       |     2 |       ||     2
  Use: Scroll            |       |     5 |     6 |    24 |    17 |    11 ||    63
       Potion            |       |       |     2 |     6 |     3 |     8 ||    19
 Stab: Distracted        |     1 |       |       |     4 |    21 |    13 ||    39
       Invisible         |       |     3 |       |     7 |       |       ||    10
       Confused          |       |     2 |       |     5 |       |       ||     7
       Paralysed         |       |       |     1 |       |       |       ||     1
       Held in net/web   |       |       |       |     2 |       |       ||     2
  Eat: Meat ration       |       |     1 |       |       |     3 |     4 ||     8
       Royal jelly       |       |     1 |       |       |       |       ||     1
       Pizza             |       |       |     2 |     3 |     1 |     1 ||     7
       Bread ration      |       |       |     1 |     7 |     2 |       ||    10
       Beef jerky        |       |       |     1 |     2 |     4 |     2 ||     9
       Fruit             |       |       |       |       |     4 |       ||     4
